 Dungeon Crawl Stone Soup version 0.28.0-55-gcd9437bce4 (webtiles) character file.

Game seed: 17523733070630318794

110757 tkbsonic5 the Warrior (level 16, -5/142 (149) HPs)
             Began as a Minotaur Monk on Dec 17, 2022.
             Was a Priest of Fedhas.
             Succumbed to a redback's poison
             ... on level 1 of the Spider Nest on Dec 18, 2022.
             The game lasted 02:40:34 (34796 turns).

tkbsonic5 the Warrior (Minotaur Monk)              Turns: 34796, Time: 02:40:35

HP:   -5/142 (149)  AC: 25    Str: 24    XL:     16   Next: 7%
MP:   19/30         EV: 18    Int: 12    God:    Fedhas [***...]
Gold: 254           SH:  0    Dex: 14    Spells: 12/15 levels left

rFire   + . .      SeeInvis .   c - +0 battleaxe (freeze)
rCold   . . .      Faith    .   (shield currently unavailable)
rNeg    + . .      Spirit   +   O - +2 chain mail {rF+}
rPois   +          Reflect  .   V - +3 hat of Pondering {ponderous, Will+ MP+10 Int+5}
rElec   .          Harm     .   a - scarf {+Inv}
rCorr   .          Rampage  .   d - +2 pair of gloves
Will    ++...                   l - +2 pair of boots
Stlth   ..........              B - amulet of guardian spirit
HPRegen 0.33/turn               H - ring "Ginwiwal" {rN+ EV+4 Str+3 Stlth+}
MPRegen 0.22/turn               F - ring of poison resistance

@: lethally poisoned (-5 -> -31), studying Armour, lightly drained, slow
A: horns 2, retaliatory headbutt, low MP 1, weak 1
a: Renounce Religion, Evoke Invisibility, Wall of Briars, Grow Ballistomycete


You were on level 1 of the Spider Nest.
You worshipped Fedhas.
Fedhas was most pleased with you.
You visited 5 branches of the dungeon, and saw 25 of its levels.

You collected 2005 gold pieces.
You spent 1751 gold pieces at shops.

Inventory:

Hand Weapons
 b - a +0 bardiche of venom
 c - a +0 battleaxe of freezing (weapon)
 p - a +0 arbalest
 q - a +1 flail of holy wrath
 y - a +0 glaive
 R - a +3 vorpal battleaxe
 S - a +3 hand crossbow
 T - a +2 shortbow of flaming
Missiles
 e - 115 bolts
 Q - 492 arrows
Armour
 a - a scarf of invisibility (worn)
 d - a +2 pair of gloves (worn)
 g - a +1 ring mail of positive energy
 l - a +2 pair of boots (worn)
 A - a +0 plate armour
 O - a +2 chain mail of fire resistance (worn)
 V - the +3 hat of Pondering (worn) {ponderous, Will+ MP+10 Int+5}
   (You took it off Gastronok on level 1 of the Lair of Beasts)

   Int:       It affects your intelligence (+5).
   MP:        It affects your magic capacity (+10).
   Will:      It increases your willpower.
 X - +0 acid dragon scales
Jewellery
 h - an amulet of magic regeneration
 j - a ring of protection from cold
 m - a ring of resist corrosion
 s - a ring of protection from cold
 x - a ring of see invisible
 B - an amulet of guardian spirit (around neck)
 D - a +4 ring of protection
 F - a ring of poison resistance (right hand)
 H - the ring "Ginwiwal" (left hand) {rN+ EV+4 Str+3 Stlth+}
   (You bought it in a shop on level 2 of the Orcish Mines)

   [ring of evasion]

   EV:        It affects your evasion (+4).
   Str:       It affects your strength (+3).
   rN:        It protects you from negative energy.
   Stlth:     It makes you more stealthy.
Wands
 f - a wand of digging (7)
Scrolls
 k - 3 scrolls of amnesia
 r - a scroll of teleportation
 E - 2 scrolls of identify
 G - a scroll of magic mapping
Potions
 t - 2 potions of magic
 w - a potion of haste
 z - a potion of cancellation
Miscellaneous
 o - a lightning rod (2/4)
 C - a phantom mirror (inert)


   Skills:
 * Level 15.4 Fighting
 - Level 4.8 Short Blades
 * Level 13.9(15.0) Axes
 - Level 7.8(11.8) Maces & Flails
 - Level 5.2(10.4) Polearms
 * Level 7.2 Bows
 + Level 7.7 Throwing
 * Level 13.6 Armour
 + Level 12.1 Dodging
 - Level 1.5 Stealth
 * Level 11.1 Invocations
 - Level 7.7 Evocations


You had 12 spell levels left.
You knew the following spells:

 Your Spells              Type           Power      Damage    Failure   Level
a - Summon Small Mammal   Summ           0%         N/A       83%         1
b - Blink                 Tloc           0%         N/A       92%         2

Your spell library contained the following spells:

 Spells                   Type           Power      Damage    Failure   Level
 Animate Skeleton         Necr           0%         N/A       83%         1
 Apportation              Tloc           0%         N/A       83%         1
 Magic Dart               Conj           0%         1d3       83%         1
 Pain                     Necr           0%         1d4       83%         1
 Call Imp                 Summ           0%         N/A       92%         2
 Call Canine Familiar     Summ           0%         N/A       99%         3
 Dazzling Flash           Conj/Hex       0%         N/A       99%         3
 Lesser Beckoning         Tloc           0%         N/A       99%         3
 Mephitic Cloud           Conj/Pois/Air  0%         N/A       99%         3
 Summon Guardian Golem    Hex/Summ       0%         N/A       99%         3
 Vampiric Draining        Necr           0%         2d6       99%         3
 Summon Ice Beast         Ice/Summ       0%         N/A       100%        4
 Agony                    Necr           0%         N/A       100%        5
 Excruciating Wounds      Necr           0%         N/A       100%        5
 Manifold Assault         Tloc           0%         N/A       100%        5
 Silence                  Hex/Air        0%         N/A       100%        5
 Summon Mana Viper        Hex/Summ       0%         N/A       100%        5
 Monstrous Menagerie      Summ           0%         N/A       100%        7
 Borgnjor's Revivificati  Necr           0%         N/A       100%        8


Dungeon Overview and Level Annotations

Branches:
Dungeon (15/15)            Temple (1/1) D:4            Lair (6/6) D:10
 Shoals (0/4) Lair:2       Spider (1/4) Lair:4        Slime (0/5) Lair:6
    Orc (2/2) D:11            Elf (0/3) Orc:2        Vaults (0/5) D:14
 Depths (0/4) D:15

Altars:
Ashenzari
Cheibriados
Dithmenos
Elyvilon
Fedhas
Gozag
Hepliaklqana
Kikubaaqudgha
Makhleb
Nemelex Xobeh
Okawaru
Qazlal
Ru
Sif Muna
Trog
Uskayaw
Vehumet
Wu Jian
Xom
Yredelemnul
Zin
The Shining One
Beogh
Ignis
Jiyva

Shops:
D:3 (   D:10 *   D:15 (   Orc:2 *[=(

Annotations:
D:3 exclusion: statue


Innate Abilities, Weirdness & Mutations

You have a pair of horns on your head.
You reflexively headbutt those who attack you in melee.
Your magical capacity is low. (-10% MP)
You are weak. (Str -2)


Message History

The redback is poisoned.
Your briar patch disappears in a puff of smoke! x2
You closely miss the redback. The redback bites you.
You are poisoned.
The redback poisons you!
You slash the redback! You freeze the redback.
The redback is heavily wounded.
You feel extremely sick. The redback completely misses you.
The redback bites you.
You are lethally poisoned!
The redback poisons you!
You are too injured to fight recklessly!
You are too injured to fight recklessly!
You slice the redback!! You freeze the redback.
You kill the redback!
Fedhas appreciates your contribution to the ecosystem.
You feel extremely sick.
Okay, then.
Okay, then.
Okay, then.
Okay, then.
Cast which spell? (? or * to list)
Okay, then.
Okay, then.
Okay, then.
Okay, then.
There is a lethal amount of poison in your body!
* * * LOW HITPOINT WARNING * * *
You feel extremely sick.
* * * LOW HITPOINT WARNING * * *
You feel extremely sick.
Okay, then.
Okay, then.
* * * LOW HITPOINT WARNING * * *
You feel extremely sick.
* * * LOW HITPOINT WARNING * * *
You feel extremely sick.
Okay, then.
You die...
Fedhas appreciates your contribution to the ecosystem.

#.^.##...)#....##
#....#.##....##
.##..###.####...#
.^.[...<...##..##
...#...........#
####....#.#...##
#####.#...##
#.#...## #@†>...#
##†#.#.# ##†####
.... ...((.
.....#(#
!..##.### ##.. .#


There were no monsters in sight!

Vanquished Creatures
  Gastronok (Lair:1)
  A storm dragon (D:14)
  A sphinx (D:14)
  3 orc warlords (Orc:2)
  A frost giant (D:14)
  A deep elf annihilator (D:14)
  An entropy weaver (Spider:1)
  Snorg (D:11)
  A fire dragon (Lair:6)
  Fannar (D:11)
  8 hydras
  3 boulder beetles
  8 vault guards (D:14)
  Erica (D:11)
  An ogre mage (D:10)
  4 centaur warriors
  6 two-headed ogres
  3 tengu warriors
  11 death yaks
  A vampire mage (D:15)
  4 orc high priests (Orc:2)
  A sun moth (Spider:1)
  A deep troll (shapeshifter) (D:10)
  2 skeletal warriors
  An orb spider (Spider:1)
  A wizard (D:15)
  5 orc knights
  A wolf spider zombie (D:12)
  A lindwurm (Lair:6)
  Pikel (D:4)
  A stone giant zombie (D:15)
  A necromancer (D:15)
  4 cyclopes
  2 wolf spiders (Spider:1)
  6 orc sorcerers
  9 ugly things
  3 manticores
  A fire giant zombie (D:15)
  8 elephants (Lair:6)
  9 black mambas
  2 molten gargoyles (Lair:6)
  2 torpor snails
  7 cane toads
  A kobold demonologist (D:12)
  A gargoyle (D:13)
  An unseen horror (D:10)
  11 komodo dragons
  3 efreet
  4 rime drakes
  5 polar bears
  5 trolls
  A meliai (shapeshifter) (D:15)
  13 blink frogs
  7 dream sheep (Lair:6)
  A meliai zombie (D:12)
  A jumping spider (Lair:4)
  2 shadows
  45 yaks
  Eustachio (D:4)
  A wyvern (Lair:3)
  2 wraiths
  An ettin skeleton (D:15)
  9 basilisks
  2 fire elementals (D:15)
  5 redbacks
  2 steam dragons (Lair:6)
  4 vampire mosquitoes (D:13)
  Menkaure (D:5)
  3 wargs (Orc:2)
  A harpy simulacrum (D:15)
  A tengu zombie (D:15)
  2 acid dragons
  4 hell hounds (Lair:6)
  14 water moccasins
  28 orc warriors
  3 black bears
  2 sky beasts
  A necrophage (D:5)
  38 wolves
  6 ogres
  12 centaurs
  2 lemures
  3 phantoms
  A kobold brigand (D:7)
  13 bullfrogs
  A wyvern zombie (D:4)
  3 scorpions (D:5)
  A wyvern skeleton (D:7)
  6 killer bees
  4 wights
  2 howler monkeys
  5 electric eels
  9 lava snakes
  3 jellies
  2 bullfrog zombies
  4 hounds
  3 bullfrog skeletons
  4 centaur zombies
  26 orc priests
  A gnoll shaman (D:5)
  A centaur skeleton (D:7)
  Ijyb (D:3)
  24 orc wizards
  3 iguanas
  8 hell rats
  A scorpion zombie (D:5)
  A killer bee zombie (D:7)
  3 mummies (D:12)
  2 howler monkey zombies
  9 gnolls (D:5)
  7 adders
  12 river rats
  A white imp (D:7)
  An ufetubus (D:7)
  2 adder skeletons
  4 worms
  4 dart slugs
  94 orcs
  2 bats (D:2)
  4 endoplasms
  4 giant cockroaches
  6 hobgoblins
  8 jackals
  12 quokkas
  7 ball pythons
  A frilled lizard (D:3)
  11 goblins
  10 kobolds
  A quokka skeleton (D:4)
  10 rats
  8 ballistomycete spores
730 creatures vanquished.

Vanquished Creatures (collateral kills)
  Harold (D:8)
  A hydra (Lair:4)
  A death yak (Lair:6)
  A two-headed ogre (D:9)
  7 elephants (Lair:6)
  A black mamba (Lair:4)
  A cane toad (Lair:4)
  A komodo dragon (Lair:6)
  A dream sheep (Lair:6)
  2 blink frogs
  2 yaks
  A basilisk (Lair:6)
  Edmund (D:4)
  A water moccasin (Lair:6)
  An orc warrior (D:5)
  3 centaurs
  3 wolves (Lair:6)
  A lemure (D:4)
  A bullfrog (Lair:2)
  2 killer bees (D:8)
  An orc priest (D:5)
  A ball python (D:4)
  A giant cockroach (D:4)
  173 ballistomycete spores
209 creatures vanquished.

Vanquished Creatures (others)
  A molten gargoyle (Lair:6)
  A water moccasin (Lair:5)
  A wolf (Lair:5)
  14 ballistomycete spores
  5 bushes (Lair:6)
  A fire vortex (D:15)
  64 fungi
  74 plants
  6 withered plants (D:15)
167 creatures vanquished.

Grand Total: 1106 creatures vanquished

Notes
Turn   | Place    | Note
-------+----------+-------------------------------------------
     0 | D:1      | tkbsonic5 the Minotaur Monk began the quest for the Orb.
     0 | D:1      | Reached XP level 1. HP: 19/19 MP: 0/0
   309 | D:1      | Reached XP level 2. HP: 27/27 MP: 1/1
   365 | D:1      | Reached skill level 4 in Fighting
   576 | D:1      | Found a faded altar of an unknown god.
   618 | D:1      | Reached skill level 1 in Armour
   819 | D:1      | Reached XP level 3. HP: 33/33 MP: 2/2
  1138 | D:1      | You fall into a shaft and drop 1 floor!
  1554 | D:2      | Reached XP level 4. HP: 39/41 MP: 3/3
  1618 | D:2      | Identified the +0 leather armour of the Lotus Blossom
                  | {-Cast Will+ Str+5 Dex+4}
  1731 | D:3      | Found a glowing golden altar of the Shining One.
  1732 | D:3      | Found a glowing silver altar of Zin.
  1732 | D:3      | Noticed Ijyb
  1743 | D:3      | Found Sokhlu's Antique Weapon Emporium.
  1990 | D:3      | Found a radiant altar of Vehumet.
  2048 | D:3      | Killed Ijyb
  2095 | D:3      | Reached skill level 5 in Fighting
  2218 | D:3      | Reached skill level 5 in Axes
  2218 | D:3      | Reached XP level 5. HP: 48/48 MP: 4/4
  2388 | D:3      | Found a sacrificial altar of Ru.
  2447 | D:3      | Found a snail-covered altar of Cheibriados.
  2615 | D:3      | Noticed a charred statue
  2681 | D:4      | Noticed a lemure
  2681 | D:4      | Noticed a lemure
  2683 | D:4      | Noticed a lemure
  2715 | D:4      | Noticed Edmund
  2728 | D:4      | Noticed Pikel
  2744 | D:4      | Noticed a lemure
  2757 | D:5      | Entered Level 5 of the Dungeon
  2764 | D:5      | Killed a lemure
  3104 | D:4      | Found a staircase to the Ecumenical Temple.
  3112 | D:4      | Reached XP level 6. HP: 52/56 MP: 5/5
  3119 | Temple   | Entered the Ecumenical Temple
  3226 | Temple   | Became a worshipper of Fedhas Madash
  3226 | Temple   | Reached * piety under Fedhas
  3226 | Temple   | Reached ** piety under Fedhas
  3329 | D:4      | Killed Pikel
  3330 | D:4      | Reached skill level 6 in Fighting
  3330 | D:4      | Reached XP level 7. HP: 28/64 MP: 3/6
  3540 | D:4      | Reached skill level 5 in Dodging
  3548 | D:4      | Noticed Eustachio
  3579 | D:4      | Reached skill level 7 in Fighting
  3579 | D:4      | Reached skill level 1 in Maces & Flails
  3785 | D:4      | Killed Eustachio
  3786 | D:4      | Reached XP level 8. HP: 36/73 MP: 7/7
  4120 | D:4      | Killed Edmund
  4340 | D:5      | Reached skill level 1 in Invocations
  4478 | D:5      | Found an ornate altar of the Wu Jian Council.
  4597 | D:5      | Reached skill level 1 in Short Blades
  4598 | D:5      | Noticed Menkaure
  4922 | D:5      | Killed Menkaure
  5097 | D:5      | Learned a level 1 spell: Summon Small Mammal
  5100 | D:5      | Learned a level 2 spell: Blink
  5232 | D:5      | Gained mutation: You are weak. (Str -2) [potion of
                  | mutation]
  5232 | D:5      | Gained mutation: Your magical capacity is low. (-10% MP)
                  | [potion of mutation]
  5236 | D:5      | Reached skill level 8 in Fighting
  5875 | D:5      | Reached skill level 5 in Armour
  5907 | D:5      | Reached XP level 9. HP: 68/82 MP: 9/9
  5960 | D:5      | Reached *** piety under Fedhas
  6868 | D:6      | Reached skill level 5 in Maces & Flails
  7024 | D:6      | Reached skill level 1 in Polearms
  7112 | D:6      | Reached skill level 9 in Fighting
  7422 | D:6      | Found a shadowy altar of Dithmenos.
  7818 | D:7      | Reached skill level 1 in Evocations
  8133 | D:7      | Reached **** piety under Fedhas
  8761 | D:8      | Reached XP level 10. HP: 48/91 MP: 8/11
  9222 | D:8      | Noticed Harold
  9232 | D:8      | Killed Harold
  9233 | D:8      | Reached skill level 5 in Invocations
  9436 | D:9      | Found a stormy altar of Qazlal.
  9500 | D:9      | Noticed a two-headed ogre
  9515 | D:9      | Killed a two-headed ogre
  9538 | D:9      | Found a broken altar of Ashenzari.
  9651 | D:9      | Noticed a two-headed ogre
  9682 | D:9      | Killed a two-headed ogre
  9683 | D:9      | Reached skill level 10 in Fighting
  9683 | D:9      | Reached skill level 1 in Throwing
 10091 | D:9      | Found a hazy altar of Hepliaklqana.
 10422 | D:10     | Entered Level 10 of the Dungeon
 10751 | D:10     | Noticed a death yak
 11050 | D:10     | Found Vuttu's Demolitions Depot.
 11420 | D:10     | Noticed a death yak
 11421 | D:10     | Noticed a death yak
 11442 | D:10     | Killed a death yak
 11451 | D:10     | Killed a death yak
 11452 | D:10     | Reached XP level 11. HP: 67/101 MP: 11/12
 11625 | D:10     | Found a staircase to the Lair.
 11669 | D:10     | Noticed an ogre mage
 11683 | D:10     | Noticed an orc knight
 11703 | D:10     | Noticed a deep troll
 11719 | D:10     | Killed a deep troll
 11722 | D:10     | Killed an ogre mage
 11957 | Lair:1   | Entered Level 1 of the Lair of Beasts
 11971 | Lair:1   | Noticed a six-headed hydra
 11997 | Lair:1   | Killed a six-headed hydra
 12816 | Lair:1   | Noticed Gastronok
 12897 | Lair:1   | Killed Gastronok
 13147 | Lair:1   | Reached skill level 11 in Fighting
 13835 | Lair:2   | Noticed a five-headed hydra
 13859 | Lair:2   | Killed a five-headed hydra
 14080 | Lair:2   | Reached skill level 5 in Polearms
 14253 | Lair:2   | Reached XP level 12. HP: 74/108 MP: 14/14
 14615 | Lair:2   | Reached skill level 5 in Evocations
 14926 | Lair:2   | Found a staircase to the Shoals.
 15249 | Lair:2   | Identified a scroll of acquirement
 15249 | Lair:2   | Acquired a +2 vorpal battleaxe
 15608 | Lair:3   | Noticed a death yak
 15608 | Lair:3   | Noticed a death yak
 15611 | Lair:3   | Noticed a death yak
 15614 | Lair:3   | Noticed a death yak
 15629 | Lair:3   | Killed a death yak
 15633 | Lair:3   | Killed a death yak
 15636 | Lair:3   | Killed a death yak
 15658 | Lair:3   | Noticed a five-headed hydra
 15666 | Lair:3   | Killed a five-headed hydra
 16569 | Lair:3   | Killed a death yak
 16570 | Lair:3   | Reached skill level 12 in Fighting
 16570 | Lair:3   | Reached skill level 5 in Throwing
 17363 | Lair:4   | Noticed a boulder beetle
 17371 | Lair:4   | Noticed a four-headed hydra
 17393 | Lair:4   | Killed a boulder beetle
 17394 | Lair:4   | Reached skill level 10 in Axes
 17400 | Lair:4   | Killed a four-headed hydra
 17412 | Lair:4   | Reached XP level 13. HP: 43/109 MP: 16/16
 17749 | Lair:4   | Found a hole to the Spider Nest.
 19147 | Lair:5   | Reached skill level 10 in Dodging
 20182 | Lair:6   | Entered Level 6 of the Lair of Beasts
 20213 | Lair:6   | Reached skill level 13 in Fighting
 20753 | Lair:6   | Reached XP level 14. HP: 38/129 MP: 17/17
 21520 | Lair:6   | Reached skill level 10 in Armour
 22455 | Lair:6   | Found a large runed translucent door.
 22715 | Lair:6   | Found a large runed translucent door.
 23205 | Lair:6   | Found a viscous altar of Jiyva.
 23205 | Lair:6   | Found a staircase to the Slime Pits.
 23237 | Lair:6   | Reached skill level 10 in Invocations
 23666 | Lair:6   | Reached skill level 1 in Bows
 23983 | D:11     | Noticed Erica
 24005 | D:11     | Killed Erica
 24086 | D:11     | Noticed Snorg
 24099 | D:11     | Killed Snorg
 24453 | D:11     | Found a runed translucent door.
 24502 | D:11     | Found a staircase to the Orcish Mines.
 24798 | D:11     | Noticed Fannar
 24817 | D:11     | Killed Fannar
 25342 | D:12     | Reached skill level 14 in Fighting
 27424 | D:13     | Reached XP level 15. HP: 138/138 MP: 19/19
 28208 | D:14     | Found a gate to the Vaults.
 28271 | D:14     | Reached skill level 5 in Bows
 28633 | D:14     | Noticed a storm dragon
 28657 | D:14     | Killed a storm dragon
 28665 | D:14     | Noticed a frost giant
 28682 | D:14     | Killed a frost giant
 28972 | D:14     | Found the +9 staff of Wucad Mu {*channel}
 28985 | D:14     | Noticed a sphinx
 28989 | D:14     | Paralysed by a sphinx for 3 turns
 29002 | D:14     | Killed a sphinx
 29243 | D:14     | Acquired a manual of Armour
 29248 | D:14     | Got Fufuhun's Handbook of Dark Air
 29927 | D:15     | Entered Level 15 of the Dungeon
 30491 | D:15     | Found Fiddog's Antique Weapon Shop.
 30728 | D:15     | Bought an arbalest for 171 gold pieces
 31174 | D:15     | Found a staircase to the Depths.
 31849 | D:15     | Reached skill level 15 in Fighting
 32604 | Orc:1    | Entered Level 1 of the Orcish Mines
 32980 | Orc:2    | Entered Level 2 of the Orcish Mines
 33325 | Orc:2    | Noticed an orc warlord
 33338 | Orc:2    | Noticed an orc warlord
 33339 | Orc:2    | Killed an orc warlord
 33421 | Orc:2    | Killed an orc warlord
 33520 | Orc:2    | Found a staircase to the Elven Halls.
 33669 | Orc:2    | Noticed an orc warlord
 33700 | Orc:2    | Killed an orc warlord
 33762 | Orc:2    | Paralysed by an orc sorcerer for 6 turns
 34085 | Orc:2    | Reached XP level 16. HP: 106/133 MP: 20/20
 34329 | Orc:2    | Found Fathrof's Antique Armour Boutique.
 34330 | Orc:2    | Found Kuitrirr's Antique Weapon Shop.
 34332 | Orc:2    | Found Xoublau's General Store.
 34332 | Orc:2    | Found Efiucux's Jewellery Boutique.
 34337 | Orc:2    | Bought a potion of haste for 120 gold pieces
 34338 | Orc:2    | Bought a ring of see invisible for 240 gold pieces
 34338 | Orc:2    | Bought a ring of poison resistance for 320 gold pieces
 34338 | Orc:2    | Bought the ring "Ginwiwal" {rN+ EV+4 Str+3 Stlth+} for 900
                  | gold pieces
 34587 | Spider:1 | Entered Level 1 of the Spider Nest
 34795 | Spider:1 | HP: 1/142 [poisoned by a redback]
 34796 | Spider:1 | Succumbed to a redback's poison

Illustrated notes

Levels and vault maps discovered:
D:1:      wander_arrival_lonely_grave, layout_basic,
          hellmonk_ecumenical_altar_inner_sanctum, minmay_vboxes
D:2:      layout_rooms
D:3:      layout_rooms, vehumet_statue, mainiacjoe_overflow_tiny_flanked,
          mainiacjoe_overflow_divided_tiny, mainiacjoe_overflow_catwalk,
          serial_shops, shop, uniq_ijyb
D:4:      layout_rooms, minmay_temple_entry_junction,
          eino_small_chamber_without_monster, minmay_increasing_density,
          uniq_eustachio, uniq_pikel, uniq_edmund
D:5:      layout_layer_cave, old_standard_altar, portal_sewer_entry_f,
          minmay_diced_spiral, uniq_menkaure
D:6:      layout_basic, grunt_dithmenos_shadows
D:7:      layout_basic, grunt_decor_arrowhead
D:8:      layout_rooms, enter_bailey_5, uniq_harold
D:9:      layout_long_grid, kennysheep_little_box,
          mainiacjoe_overflow_surrounded_room, mainiacjoe_overflow_24_doors
D:10:     layout_loops_ring, dpeg_lair_monsters, nicolae_blasting_shop,
          grunt_tough_drop
D:11:     layout_cave_pools, david_orc_5, lightli_church_of_beogh, uniq_snorg,
          uniq_fannar, uniq_erica
D:12:     layout_basic, serial_undead, serial_undead_f, serial_undead_b,
          serial_undead_d, serial_undead_c
D:13:     layout_grid_maze, portal_ice_cave_rime
D:14:     layout_roguey, erik_vaults_2, nrook_campfire, minmay_diamond_spiral
D:15:     gammafunk_depths_entry_grave, layout_basic, grunt_decor_junction,
          serial_shops, shop_statue
Temple:   ebering_untended_altars
Lair:1:   layout_roguey, nicolae_lair_liquid_snakes, uniq_gastronok
Lair:2:   layout_chaotic_city, minmay_shoals_entry_centaurs,
          serial_bayou_lagoon_b
Lair:3:   layout_regular_city, grunt_megastairs_1
Lair:4:   layout_long_grid, spider_nest_entry_a, minmay_lair_oklob_bushes
Lair:5:   layout_regular_city, grunt_forest_large_clearings
Lair:6:   cheibrodos_lair_end_hotspot, layout_layer_cave, slime_altar_1,
          kennysheep_rathole
Spider:1: layout_spider_delve, hangedman_spider_tarantella_strand, uniq_aizul
Orc:1:    layout_caves
Orc:2:    st_orc_congregation, layout_caves

Skill      XL: |  1  2  3  4  5  6  7  8  9 10 11 12 13 14 15 |
---------------+----------------------------------------------+-----
Fighting       | 4 5 6 7 8 9 10 11 12 13 14 15 | 15.4
Axes           | 4 5 7 8 10 11 12 13 | 13.9
Armour         | 1 2 3 4 5 6 7 8 9 10 13 | 13.6
Dodging        | 4 5 6 7 8 9 10 11 12 | 12.1
Maces & Flails | 2 4 5 7 |  7.8
Invocations    | 2 4 6 8 9 10 11 | 11.1
Short Blades   | 2 4 |  4.8
Polearms       | 2 4 5 |  5.2
Evocations     | 1 3 4 6 7 |  7.7
Throwing       | 2 4 5 6 7 |  7.7
Bows           | 4 7 |  7.2
Stealth        | |  1.5

Action                   |  1- 3 |  4- 6 |  7- 9 | 10-12 | 13-15 | 16-18 || total
-------------------------+-------+-------+-------+-------+-------+-------++-------
Melee: Hand axe          |   102 |   119 |       |    24 |       |       ||   245
       Headbutt          |    10 |    26 |    38 |   109 |   189 |     5 ||   377
       Punch             |     2 |     2 |       |     4 |     4 |       ||    12
       Whip              |       |       |    46 |    72 |     3 |       ||   121
       Rapier            |       |       |    48 |    64 |       |       ||   112
       Flail             |       |       |    61 |    78 |    85 |       ||   224
       Glaive            |       |       |    65 |    59 |       |       ||   124
       War axe           |       |       |     9 |    20 |       |       ||    29
       Great mace        |       |       |     8 |       |       |       ||     8
       Halberd           |       |       |     2 |       |       |       ||     2
       Battleaxe         |       |       |       |   125 |   667 |    27 ||   819
 Fire: Shortbow          |       |       |       |       |   163 |    20 ||   183
Throw: Throwing net      |       |       |     2 |    10 |     1 |       ||    13
       Dart              |       |       |       |    24 |    64 |     2 ||    90
       Boomerang         |       |       |       |    50 |    57 |       ||   107
       Javelin           |       |       |       |    39 |    52 |     5 ||    96
Invok: Wall of Briars    |       |     2 |     6 |     8 |    16 |     1 ||    33
       Grow Ballistomyce |       |       |       |    13 |    38 |     1 ||    52
       Overgrow          |       |       |       |     1 |     3 |       ||     4
 Abil: Evoke Invisibilit |       |       |       |     4 |     3 |       ||     7
Evoke: Wand              |       |       |     9 |     9 |    55 |       ||    73
       Lightning rod     |       |       |       |     6 |    22 |     1 ||    29
       Phantom mirror    |       |       |       |     1 |     6 |       ||     7
  Use: Scroll            |       |     7 |     6 |     7 |    27 |       ||    47
       Potion            |       |     5 |     4 |     7 |    18 |       ||    34
 Stab: Sleeping          |     1 |       |     4 |       |       |       ||     5
       Held in net/web   |       |       |       |     1 |       |       ||     1
       Invisible         |       |       |       |     3 |     5 |       ||     8
       Confused          |       |       |       |     1 |     5 |       ||     6
       Paralysed         |       |       |       |       |    12 |       ||    12
Armor: Ring mail         |    52 |       |       |       |       |       ||    52
       Leather armour    |       |    26 |    63 |     1 |       |       ||    90
       Plate armour      |       |       |       |   307 |   484 |       ||   791
       Chain mail        |       |       |       |       |   225 |    19 ||   244
Dodge: Dodged            |    50 |    76 |   169 |   205 |   480 |    20 ||  1000
